Map: Site Delta LE

Players

Subwayeatn

  • Race: Zerg Zerg
  • League: Diamond
  • Spawn Location: 5:00

ButtSneezer - Winner!

  • Race: Terran Terran
  • League: Diamond
  • Spawn Location: 11:00

VOD

Have the link to the VOD?

Description

Time

  • Played on: Nov. 15, 2023, 10:29 a.m.
  • Length: 10:34
Show
View Real Time Build Order
Export as new Build Order

Subwayeatn Zerg 

Build Orders: Hatch First 

Get SALT Encoding   

  12  0:00  Drone  
  13  0:12  Overlord  
  13  0:21  Drone  
  14  0:30  Drone x2  
  16  0:50  Hatchery  
  15  0:57  Drone x2  
  15  1:00  Drone  
  18  1:06  Extractor  
  17  1:16  Spawning Pool  
  16  1:19  Drone  
  16  1:22  Drone  
  18  1:30  Drone  
  19  1:40  Drone  
  20  1:51  Drone  
  21  2:04  Queen  
  21  2:05  Queen  
  26  2:08  Zergling x2  
  26  2:12  Drone  
  26  2:14  Zergling x2  
  28  2:18  Overlord  
  28  2:23  Overlord  
  28  2:32  Metabolic Boost  
  28  2:40  Queen  
  30  2:45  Queen  
  30  2:47  Drone x3  
  35  3:02  Drone x4  
  39  3:17  Overlord  
  39  3:22  Overlord  
  39  3:25  Hatchery  
  38  3:29  Queen  
  38  3:33  Drone  
  38  3:34  Drone  
  42  3:43  Drone x4  
  46  3:52  Extractor  
  46  3:54  Lair  
  45  4:02  Drone x5, Extractor  
  49  4:16  Drone x2  
  49  4:17  Drone  
  52  4:18  Drone  
  52  4:21  Baneling Nest  
  52  4:25  Drone x5  
  57  4:32  Evolution Chamber  
  57  4:33  Drone  
  57  4:34  Overlord, Evolution Chamber, Extractor  
  57  4:37  Overlord  
  55  4:45  Queen  
  57  4:46  Spore Crawler  
  56  4:55  Drone x2  
  56  4:56  Spore Crawler  
  56  4:59  Drone, Spore Crawler  
  57  5:00  Hydralisk Den  
  57  5:05  Zerg Melee Weapons Level 1  
  57  5:06  Zerg Missile Weapons Level 1  
  56  5:08  Drone  
  56  5:13  Overlord  
  57  5:15  Zergling x4  
  57  5:18  Baneling  
  57  5:19  Baneling x3  
  59  5:34  Hydralisk x3, Zergling x2  
  59  5:35  Hydralisk x2  
  70  5:39  Zergling x2  
  71  5:43  Grooved Spines  
  71  5:48  Drone x2  
  73  5:52  Drone x6  
  79  6:10  Zergling x4  
  79  6:11  Zergling x12  
  85  6:29  Overseer  
  85  6:31  Overlord  
  85  6:35  Drone x5  
  85  6:36  Overlord  
  85  6:38  Overlord  
  90  6:41  Overlord  
  90  6:43  Muscular Augments  
  90  6:44  Centrifugal Hooks  
  90  7:07  Baneling x12  
  90  7:08  Baneling x10  
  90  7:09  Zergling x2  
  90  7:10  Zergling x26  
  90  7:14  Zerg Missile Weapons Level 2  
  103  7:19  Drone  
  103  7:22  Extractor  
  103  7:28  Zerg Melee Weapons Level 2  
  103  7:32  Drone x3  
  103  7:33  Drone x6  
  112  7:50  Overseer  
  112  7:54  Hydralisk x4  
  112  7:57  Overlord  
  120  7:59  Overlord  
  120  8:00  Overlord  
  120  8:01  Overlord  
  91  8:38  Zergling x24  
  101  8:51  Drone x2  
  101  8:52  Drone, Extractor  
  103  8:56  Spine Crawler  
  103  9:00  Hydralisk x3, Infestation Pit  
  103  9:01  Hydralisk, Extractor  
  103  9:02  Hatchery  
  107  9:05  Baneling x3  
  107  9:06  Baneling x20  
  107  9:17  Spire  
  107  9:18  Drone x4  
  107  9:19  Drone x3  
  113  9:39  Zergling x2  
  113  9:40  Zergling x14  
Show
View Real Time Build Order
Export as new Build Order

ButtSneezer Terran - Winner!

Build Orders: 2 Factory, Mech 

Get SALT Encoding   

  12  0:02  SCV  
  13  0:14  SCV  
  14  0:17  Supply Depot  
  14  0:26  SCV  
  15  0:39  SCV  
  15  0:40  Barracks  
  16  0:47  Refinery  
  16  0:51  SCV  
  17  1:04  SCV  
  18  1:16  SCV  
  20  1:33  Orbital Command  
  20  1:34  Marine  
  20  1:40  Command Center  
  20  1:52  Marine  
  20  1:53  Supply Depot  
  21  2:00  SCV  
  22  2:13  SCV  
  23  2:15  Marine  
  24  2:25  Factory  
  24  2:34  Factory  
  24  2:36  Refinery  
  24  2:55  Bunker  
  24  2:57  SCV  
  24  2:58  Barracks Reactor  
  26  3:00  Orbital Command  
  25  3:09  SCV  
  25  3:10  Factory Tech Lab  
  26  3:21  SCV  
  26  3:27  SCV  
  28  3:29  Siege Tank  
  28  3:33  SCV  
  32  3:34  Supply Depot  
  32  3:39  SCV  
  33  3:45  Hellion x2  
  33  3:46  Infernal Pre-Igniter  
  33  3:47  SCV  
  38  3:51  SCV  
  38  3:55  Barracks Tech Lab  
  39  4:00  SCV  
  40  4:03  SCV  
  41  4:12  Hellion, Supply Depot  
  41  4:13  Hellion  
  41  4:14  Siege Tank  
  41  4:16  SCV  
  41  4:17  SCV  
  50  4:19  Refinery  
  50  4:21  Marine  
  51  4:29  SCV x2  
  53  4:36  Hellion x2  
  57  4:41  SCV x2  
  59  4:47  Command Center  
  59  4:54  SCV x2  
  59  4:56  Refinery  
  59  4:57  Supply Depot  
  61  5:04  Supply Depot  
  61  5:07  SCV  
  61  5:14  SCV, Siege Tank  
  66  5:15  Armory  
  66  5:17  Engineering Bay  
  66  5:25  Armory  
  66  5:26  SCV  
  66  5:27  SCV  
  68  5:38  SCV  
  68  5:39  Supply Depot, SCV  
  70  5:43  Hellion x2  
  70  5:47  Missile Turret  
  74  5:51  Missile Turret  
  74  5:55  Siege Tank  
  78  5:57  SCV  
  78  5:59  SCV  
  78  6:03  Orbital Command  
  79  6:08  Terran Vehicle Weapons Level 1  
  79  6:12  Terran Vehicle And Ship Armor Level 1  
  79  6:16  SCV  
  79  6:18  SCV  
  81  6:19  Factory  
  81  6:24  Supply Depot  
  81  6:27  Orbital Command  
  81  6:28  Hellion  
  81  6:29  Factory  
  83  6:33  SCV x2  
  85  6:47  SCV x2  
  85  6:48  Supply Depot  
  87  6:59  Hellion x2, SCV  
  87  7:01  Refinery, Siege Tank  
  95  7:04  Refinery  
  95  7:05  Factory Tech Lab  
  95  7:07  Factory  
  95  7:15  Factory Tech Lab  
  94  7:20  SCV x3  
  97  7:24  Siege Tank  
  97  7:25  Hellion x2  
  104  7:32  SCV x2  
  104  7:34  Supply Depot  
  106  7:38  SCV  
  106  7:42  Missile Turret  
  107  7:44  SCV x2  
  107  7:47  Thor x2  
  107  7:49  Hellion x2  
  125  7:56  SCV  
  125  7:57  Supply Depot  
  125  7:58  Supply Depot x2  
  126  8:02  Terran Vehicle Weapons Level 2  
  126  8:06  Terran Vehicle And Ship Armor Level 2  
  126  8:07  SCV x2  
  126  8:08  SCV  
  126  8:10  Factory Tech Lab  
  129  8:16  Factory  
  129  8:19  SCV x2  
  131  8:20  SCV  
  131  8:21  Command Center  
  131  8:25  Sensor Tower  
  122  8:31  SCV x2  
  114  8:36  Siege Tank x3  
  114  8:38  Hellion x3  
  129  8:44  SCV x2  
  131  8:55  Sensor Tower, SCV  
  132  8:56  SCV  
  132  8:59  Hellion x3  
  132  9:01  Sensor Tower  
  139  9:03  Supply Depot  
  139  9:05  Supply Depot  
  139  9:08  Missile Turret, Hellion  
  141  9:11  Missile Turret  
  141  9:18  Siege Tank x2  
  141  9:19  Factory Tech Lab  
  141  9:20  Siege Tank  
  141  9:21  SCV x3  
  153  9:26  Supply Depot  
  153  9:27  Supply Depot  
  153  9:29  Supply Depot  
  153  9:37  Thor x2  
  165  9:39  Hellion  
  165  9:40  SCV x3  
  170  9:54  Missile Turret, Refinery  
  170  9:55  Missile Turret  
  170  9:56  Missile Turret, Refinery  
  166  10:07  SCV x2  
  166  10:11  Marine  
  178  10:17  SCV  
  178  10:19  SCV x2  
Tags
 
Composition
Mech
Matchup
TvZ
Replay Pack
2025 replay dump
Spawn Locations
Cross Positions
Add a new tag
Caveats
  • Supply blocks, unpowered buildings, or Contaminate may cause inaccurate times.
  • Supply counts are checked every 10 seconds.